 Dungeon Crawl Stone Soup version 0.27.1-4-g1640c2035a (webtiles) character file.

Game seed: 9193882447685521792

13871 Crownlay the Thaumaturge (level 12, -2/73 HPs)
             Began as a Gargoyle Earth Elementalist on Nov 7, 2021.
             Was a Follower of Vehumet.
             Slain by a two-headed ogre (26 damage)
             ... on level 11 of the Dungeon.
             The game lasted 00:32:13 (14602 turns).

Crownlay the Thaumaturge (GrEE)                    Turns: 14602, Time: 00:32:14

Health: -2/73      AC: 15    Str: 11    XL:     12   Next: 10%
Magic:  20/29      EV: 11    Int: 24    God:    Vehumet [*.....]
Gold:   1140       SH:  9    Dex: 10    Spells: 33/37 levels left

rFire    . . .     SeeInvis .   r - +5 long sword (vorpal)
rCold    . . .     Faith    .   A - +0 buckler
rNeg     + . .     Spirit   .   C - +0 robe {Will+}
rPois    ∞         Reflect  +   t - +2 hat
rElec    +         Harm     .   (no cloak)
rCorr    +         Rampage  .   q - +0 pair of gloves
Will     +++..                  K - +1 pair of boots {Fly}
Stlth    ++........             x - amulet of reflection
HPRegen  0.22/turn              e - ring of willpower
MPRegen  0.21/turn              Q - ring "Pitin" {Will+ rCorr Int+2}

@: flying
A: sickness immunity, AC +8, negative energy resistance 1, electricity
resistance, torment resistance 1, petrification resistance
a: Renounce Religion


You were on level 11 of the Dungeon.
You worshipped Vehumet.
Vehumet was aware of your devotion.
You visited 2 branches of the dungeon, and saw 12 of its levels.
You also visited: Ossuary and Bailey.

You collected 1486 gold pieces.
You spent 346 gold pieces at shops.

Inventory:

Hand Weapons
 r - a +5 vorpal long sword (weapon)
Missiles
 i - 46 stones
 O - 54 boomerangs
Armour
 q - a +0 pair of gloves (worn)
 t - a +2 hat (worn)
 A - a +0 buckler (worn)
 C - a +0 robe of willpower (worn)
 K - a +1 pair of boots of flying (worn)
Jewellery
 e - a ring of willpower (left hand)
 x - an amulet of reflection (around neck)
 z - a ring of fire
 J - a ring of protection from cold
 Q - the ring "Pitin" (right hand) {Will+ rCorr Int+2}
   (You found it in a bailey)

   [ring of willpower]

   Int:       It affects your intelligence (+2).
   rCorr:     It protects you from acid and corrosion.
   Will:      It increases your willpower.
Wands
 m - a wand of flame (27)
 I - a wand of polymorph (19)
 N - a wand of paralysis (4)
 P - a wand of mindburst (18)
Scrolls
 a - 2 scrolls of vulnerability
 f - a scroll of acquirement {unknown}
 g - 4 scrolls of fear
 n - 2 scrolls of enchant armour
 o - 3 scrolls of noise
 s - a scroll of identify
 v - 2 scrolls of blinking
 w - 4 scrolls of immolation
 y - 7 scrolls of teleportation
 B - a scroll of amnesia {unknown}
 D - a scroll of holy word {unknown}
 L - a scroll of silence {unknown}
Potions
 c - 3 potions of haste {unknown}
 d - 3 potions of berserk rage
 h - 15 potions of degeneration
 j - 2 potions of ambrosia
 k - 2 potions of attraction {unknown}
 l - 6 potions of curing
 p - a potion of resistance {unknown}
 u - 3 potions of flight {unknown}
 E - a potion of might {unknown}
 F - a potion of brilliance {unknown}
 G - 2 potions of lignification {unknown}
 M - a potion of invisibility {unknown}
Miscellaneous
 H - a box of beasts


   Skills:
 - Level 8.0 Fighting
 - Level 1.5 Dodging
 - Level 2.1 Stealth
 - Level 4.0 Shields
 + Level 13.0 Spellcasting
 + Level 6.5 Conjurations
 - Level 0.7 Transmutations
 - Level 10.0 Earth Magic


You had 33 spell levels left.
You knew the following spells:

 Your Spells              Type           Power      Damage    Failure   Level
a - Sandblast             Erth           100%       2d20      1%          1
b - Stone Arrow           Conj/Erth      100%       3d13      1%          3

Your spell library contained the following spells:

 Spells                   Type           Power      Damage    Failure   Level
 Foxfire                  Conj/Fire      100%       2x1d9     1%          1
 Passwall                 Tmut/Erth      34%        N/A       1%          2
 Animate Skeleton         Necr           30%        N/A       3%          1
 Pain                     Necr           60%        1d7       3%          1
 Leda's Liquefaction      Hex/Erth       19%        N/A       4%          4
 Petrify                  Tmut/Erth      41%        N/A       4%          4
 Corpse Rot               Necr/Air       N/A        N/A       6%          2
 Call Canine Familiar     Summ           15%        N/A       12%         3
 Portal Projectile        Hex/Tloc       30%        N/A       12%         3
 Vampiric Draining        Necr           7%         2d7       12%         3
 Dispel Undead            Necr           15%        3d10      36%         4
 Death Channel            Necr           7%         N/A       99%         6


Dungeon Overview and Level Annotations

Branches:
Dungeon (11/15)            Temple (1/1) D:5            Lair (0/6) D:10
    Orc (0/2) D:10        Ossuary (visited)          Bailey (visited)

Altars:
Ashenzari
Cheibriados
Dithmenos
Elyvilon
Fedhas
Gozag
Hepliaklqana
Kikubaaqudgha
Makhleb
Nemelex Xobeh
Okawaru
Qazlal
Ru
Sif Muna
Trog
Uskayaw
Vehumet
Wu Jian
Xom
Yredelemnul
Zin
The Shining One

Shops:
D:8 (   D:9 [


Innate Abilities, Weirdness & Mutations

You are immune to sickness and miasma.
Your stone body is resilient. (AC +8)
You are immune to poison.
You resist negative energy. (rN+)
You are resistant to electric shocks. (rElec)
You are resistant to unholy torment.
You are immune to petrification.


Message History

There is an open door here.
There is a stone staircase leading down here.
You reach down and close the door.
You start resting.
Something unseen opens the door.
You start resting.
A two-headed ogre is nearby!
You are too injured to fight recklessly!
Casting: Sandblast (safe; 1% risk of failure)
Confirm with . or Enter, or press ? or * to list all spells.
Aiming: Stone Arrow (safe; 1% risk of failure)
Press: ? - help, Shift-Dir - straight line, f - two-headed ogre
Aim: a two-headed ogre, wielding a +0 giant club and a +0 giant spiked club (wandering, hasn't noticed you, 89% to hit)
The stone arrow misses the two-headed ogre.
The two-headed ogre shouts in stereo!
You are too injured to fight recklessly!
You are too injured to fight recklessly!
Casting: Stone Arrow (safe; 1% risk of failure)
Confirm with . or Enter, or press ? or * to list all spells.
Aiming: Sandblast (safe; 1% risk of failure)
Press: ? - help, Shift-Dir - straight line, f/p - two-headed ogre
Aim: a two-headed ogre, wielding a +0 giant club and a +0 giant spiked club (92% to hit)
The blast of sand hits the two-headed ogre but does no damage.
Casting: Sandblast (safe; 1% risk of failure)
Confirm with . or Enter, or press ? or * to list all spells.
Aiming: Sandblast (safe; 1% risk of failure)
Press: ? - help, Shift-Dir - straight line, f/p - two-headed ogre
Aim: a two-headed ogre, wielding a +0 giant club and a +0 giant spiked club (92% to hit)
The blast of sand hits the two-headed ogre!
The two-headed ogre is moderately wounded.
Casting: Sandblast (safe; 1% risk of failure)
Confirm with . or Enter, or press ? or * to list all spells.
Aiming: Sandblast (safe; 1% risk of failure)
Press: ? - help, Shift-Dir - straight line, f/p - two-headed ogre
Aim: a two-headed ogre, wielding a +0 giant club and a +0 giant spiked club (moderately wounded, 92% to hit)
The blast of sand hits the two-headed ogre!!
The two-headed ogre is heavily wounded.
The two-headed ogre hits you with a +0 giant club!
The two-headed ogre hits you with a +0 giant spiked club!!
You die...

.#. #.#.## #...#
.#.##.##.# ###.#
.'.'.....# #.#
.#.##[##.### ###'####
.#.##.#..[.## #......#
.#.#.##..#).## #......#
.#)#.##..##).###......#
.#..##...###.).#......#
.#.##....# ###.+@O....#
.........# ###...>..'.#
#######.## #......###
..# #####'## ### # .#
.# ######'###


You could see a two-headed ogre.

Vanquished Creatures
  Erolcha (D:11)
  A hydra (D:11)
  A two-headed ogre (D:10)
  Pikel (D:7)
  2 orc knights (Bailey)
  A manticore (D:11)
  Maurice (D:9)
  A kobold demonologist (D:10)
  Maggie (D:8)
  Psyche (D:9)
  2 trolls (D:11)
  A hornet (D:10)
  A polar bear (D:10)
  A meliai zombie (D:10)
  A centaur simulacrum (D:10)
  A shadow (D:11)
  9 yaks (D:10)
  A wyvern (D:8)
  3 vampire mosquitoes (D:10)
  3 wargs (D:10)
  5 water moccasins (D:10)
  3 black bears
  A hornet zombie (D:8)
  8 orc warriors
  A sky beast (D:5)
  An ogre (D:5)
  2 necrophages
  2 centaurs
  2 phantoms
  2 lemures (D:7)
  3 kobold brigands
  4 bullfrogs
  2 water moccasin zombies (Ossuary)
  A water moccasin skeleton (D:5)
  19 killer bees (D:9)
  An electric eel (D:10)
  3 wights (D:7)
  7 howler monkeys
  7 centaur zombies
  3 jellies
  A gnoll shaman (D:4)
  3 centaur skeletons
  2 hounds (D:5)
  3 orc priests
  2 iguanas
  7 orc wizards
  3 mummies
  12 gnolls
  6 adders
  2 white imps
  An ufetubus (D:10)
  An adder skeleton (D:4)
  6 adder zombies (Ossuary)
  A worm (D:3)
  4 dart slugs
  17 orcs
  7 endoplasms
  2 giant cockroaches
  10 hobgoblins
  5 jackals (D:4)
  3 quokkas
  7 ball pythons
  6 bats
  3 frilled lizards
  3 gnoll zombies (Ossuary)
  17 goblins
  4 hobgoblin zombies (Ossuary)
  39 kobolds
  2 kobold zombies (Ossuary)
  8 orc zombies (Ossuary)
  3 rats
301 creatures vanquished.

Vanquished Creatures (others)
  37 fungi (D:10)
  48 plants (D:10)
85 creatures vanquished.

Grand Total: 386 creatures vanquished

Notes
Turn   | Place    | Note
-------+----------+-------------------------------------------
     0 | D:1      | Crownlay the Gargoyle Earth Elementalist began the quest
                  | for the Orb.
     0 | D:1      | Reached XP level 1. HP: 10/10 MP: 3/3
   310 | D:1      | Reached XP level 2. HP: 7/15 MP: 0/5
   622 | D:1      | Found a faded altar of an unknown god.
   965 | D:1      | Found a sacrificial altar of Ru.
  1110 | D:2      | Reached XP level 3. HP: 19/19 MP: 5/7
  1280 | D:2      | Reached skill level 3 in Spellcasting
  1529 | D:2      | Learned a level 3 spell: Stone Arrow
  2133 | D:3      | Reached XP level 4. HP: 15/24 MP: 5/9
  2750 | D:3      | Reached skill level 4 in Spellcasting
  2750 | D:3      | Reached XP level 5. HP: 28/28 MP: 7/11
  3061 | D:4      | Noticed a black bear
  3070 | D:4      | Killed a black bear
  3071 | D:4      | Reached skill level 5 in Earth Magic
  3071 | D:4      | Reached XP level 6. HP: 25/32 MP: 6/13
  3206 | D:4      | Reached skill level 5 in Spellcasting
  3587 | D:4      | Reached XP level 7. HP: 35/36 MP: 7/15
  3781 | D:4      | Reached skill level 6 in Spellcasting
  4185 | D:5      | Entered Level 5 of the Dungeon
  4185 | D:5      | Found a staircase to the Ecumenical Temple.
  4191 | Temple   | Entered the Ecumenical Temple
  4501 | D:5      | Found a hide-covered altar of Uskayaw.
  4537 | D:5      | Reached XP level 8. HP: 41/41 MP: 5/18
  4687 | D:5      | Reached skill level 7 in Spellcasting
  4988 | D:5      | Found a basalt altar of Yredelemnul.
  5049 | D:6      | Reached skill level 1 in Shields
  5069 | D:6      | Found a white marble altar of Elyvilon.
  5102 | D:6      | Identified the +8 chain mail of Words of Power {Fly rCorr
                  | Dex+4 Stlth-}
  5283 | D:6      | Found a sand-covered staircase.
  5290 | Ossuary  | Entered an ossuary
  6267 | D:6      | Found a broken altar of Ashenzari.
  7068 | D:7      | Reached skill level 8 in Spellcasting
  7072 | D:7      | Reached XP level 9. HP: 37/45 MP: 5/21
  7418 | D:7      | Noticed Pikel
  7431 | D:7      | Killed Pikel
  7784 | D:7      | Reached skill level 9 in Spellcasting
  8978 | D:8      | Found a sparkling altar of Nemelex Xobeh.
  9153 | D:8      | Identified the +1 battleaxe of Tutumnoh {antimagic, Dex+2}
  9177 | D:8      | Found Ewyisibu's Antique Weapon Shop.
  9289 | D:8      | Reached skill level 10 in Spellcasting
  9625 | D:8      | Noticed Maggie
  9630 | D:8      | Killed Maggie
  9631 | D:8      | Reached skill level 10 in Earth Magic
  9631 | D:8      | Reached skill level 1 in Fighting
  9631 | D:8      | Reached XP level 10. HP: 41/52 MP: 8/24
  9741 | D:8      | Found an ornate altar of the Wu Jian Council.
 10131 | D:9      | Found Kedut's Antique Armour Boutique.
 10143 | D:9      | Found a flagged portal.
 10154 | Bailey   | Entered a bailey
 10261 | Bailey   | Noticed an orc knight
 10269 | Bailey   | Noticed an orc knight
 10521 | Bailey   | Reached skill level 11 in Spellcasting
 10650 | Bailey   | Killed an orc knight
 10763 | Bailey   | Killed an orc knight
 10918 | Bailey   | Identified the ring "Pitin" {Will+ rCorr Int+2}
 11000 | D:9      | Noticed Maurice
 11006 | D:9      | Killed Maurice
 11007 | D:9      | Reached skill level 5 in Fighting
 11132 | D:9      | Bought a pair of spiked gloves for 199 gold pieces
 11132 | D:9      | Identified the +1 pair of gloves "Axoisoa" {rCorr Str+3
                  | Int-5} (You bought it in a shop on level 9 of the Dungeon)
 11132 | D:9      | Bought a jacinth-encrusted leather armour for 147 gold
                  | pieces
 11132 | D:9      | Identified the +3 leather armour "Tiutt" {rPois rF- MP+9
                  | Stlth-} (You bought it in a shop on level 9 of the Dungeon)
 11281 | D:9      | Noticed Psyche
 11284 | D:9      | Killed Psyche
 11567 | D:10     | Entered Level 10 of the Dungeon
 11572 | D:10     | Reached XP level 11. HP: 63/63 MP: 13/26
 11577 | D:10     | Reached skill level 12 in Spellcasting
 11578 | D:10     | Reached skill level 1 in Conjurations
 11843 | D:10     | Found a radiant altar of Vehumet.
 11851 | D:10     | Became a worshipper of Vehumet
 12023 | D:10     | Found a staircase to the Orcish Mines.
 12379 | D:10     | Found a staircase to the Lair.
 12931 | D:10     | Reached * piety under Vehumet
 12931 | D:10     | Offered knowledge of Foxfire by Vehumet.
 13093 | D:10     | Found an ancient bone altar of Kikubaaqudgha.
 13175 | D:10     | Noticed a two-headed ogre
 13191 | D:10     | Noticed a sun demon
 13517 | D:10     | Killed a two-headed ogre
 13763 | D:11     | Noticed a manticore
 13771 | D:11     | Killed a manticore
 13772 | D:11     | Reached skill level 5 in Conjurations
 13919 | D:11     | Noticed a two-headed ogre
 14423 | D:11     | Noticed a six-headed hydra
 14429 | D:11     | Killed a six-headed hydra
 14430 | D:11     | Reached XP level 12. HP: 73/73 MP: 12/28
 14461 | D:11     | Noticed Erolcha
 14469 | D:11     | Killed Erolcha
 14470 | D:11     | Reached skill level 13 in Spellcasting
 14602 | D:11     | Slain by a two-headed ogre

Illustrated notes

Levels and vault maps discovered:
D:1:      dpeg_arrival_water_altar, layout_loops_ring,
          shapermc_ecumenical_altar_totnotflames
D:2:      layout_loops_cross, minmay_tetromino_o4
D:3:      minmay_chambers_of_threes, layout_basic
D:4:      layout_loops_ring, kennysheep_generic_room_8
D:5:      layout_basic, mainiacjoe_overflow_big_doors,
          minmay_temple_entry_overgrown
D:6:      layout_basic, elyvilon_altar_5, kennysheep_little_box,
          gup_ossuary_entry_pyramid
D:7:      layout_basic, nrook_mini_vaults, uniq_pikel
D:8:      layout_cave_pools, nicolae_wu_jian_immortal_techniques,
          mainiacjoe_overflow_concentric_impassable, serial_shops, shop,
          kennysheep_cluttered_room, uniq_maggie
D:9:      layout_irregular_city, enter_bailey_7, serial_shops,
          nicolae_stop_n_shop_2, uniq_psyche, uniq_maurice
D:10:     layout_basic, lemuel_tele_altar, vehumet_crystals,
          due_lair_maze_entry_diamond, minmay_orc_entry_guard_dogs, serial_ice,
          serial_ice_i, serial_ice_d, serial_ice_f, serial_ice_m,
          minmay_misc_feat_square
D:11:     layout_roguey, interstate_on_off, uniq_erolcha
Temple:   eino_temple_lava

Skill      XL: |  1  2  3  4  5  6  7  8  9 10 11 12 |
---------------+-------------------------------------+-----
Earth Magic    | 4 5 6 7 8 10 | 10.0
Spellcasting   | 3 4 5 6 8 10 11 12 13 | 13.0
Shields        | 4 |  4.0
Fighting       | 1 5 7 8 |  8.0
Conjurations   | 5 6 |  6.5
Dodging        | |  1.5
Stealth        | |  2.1
Transmutations | |  0.7

Action                   |  1- 3 |  4- 6 |  7- 9 | 10-12 || total
-------------------------+-------+-------+-------+-------++-------
Melee: Unarmed           |    30 |       |       |       ||    30
       Long sword        |       |    32 |    85 |    86 ||   203
Throw: Boomerang         |       |       |       |   141 ||   141
 Cast: Sandblast         |    61 |    50 |    13 |    83 ||   207
       Stone Arrow       |       |       |   134 |   169 ||   303
Evoke: Wand              |       |       |       |     5 ||     5
  Use: Scroll            |       |     6 |     9 |     7 ||    22
 Stab: Paralysed         |       |       |       |     6 ||     6
Armor: Robe              |    15 |    13 |    48 |   112 ||   188
Dodge: Dodged            |    34 |    40 |    59 |   108 ||   241
Block: Buckler           |       |       |    35 |   110 ||   145
       Other             |       |       |     2 |       ||     2
       Reflection        |       |       |     2 |     9 ||    11
       Rpst.: Long sword |       |    12 |    20 |    30 ||    62
